 Dungeon Crawl Stone Soup version 0.20.1-1-g8b1a95d (console) character file.

22928 Kloppie the Severer (level 12, -1/110 HPs)
             Began as a Minotaur Fighter on July 15, 2017.
             Was the Champion of Makhleb.
             Slain by a five-headed hydra (7 damage)
             ... on level 1 of the Lair of Beasts.
             The game lasted 00:19:25 (12171 turns).

Kloppie the Severer (Minotaur Fighter)             Turns: 12171, Time: 00:19:26

Health: -1/110     AC: 16    Str: 24    XL:     12   Next: 67%
Magic:  11/11      EV:  8    Int:  8    God:    Makhleb [******]
Gold:   838        SH: 12    Dex: 10    Spells: 11/11 levels left

rFire    . . .     SeeInvis .   J - +0 war axe (flame)
rCold    + . .     Gourm    .   c - +0 shield
rNeg     . . .     Faith    +   z - +1 chain mail of Lies {rElec MR+ Str-2}
rPois    .         Spirit   .   s - +0 hat
rElec    +         Reflect  .   q - +0 cloak of Xostrul {rC+}
rCorr    .         Harm     .   A - +0 pair of gloves
MR       ++...                  (no boots)
Stlth    ..........             E - amulet of faith
Regen    0.3/turn               e - +3 ring of intelligence
MPRegen  0.2/turn               R - ring of protection from magic

@: no status effects
A: retaliatory headbutt, horns 2
a: Minor Destruction, Lesser Servant of Makhleb, Major Destruction, Greater
Servant of Makhleb, Renounce Religion


You were on level 1 of the Lair of Beasts.
You worshipped Makhleb.
Makhleb was exalted by your worship.
You were not hungry.

You visited 2 branches of the dungeon, and saw 12 of its levels.
You also visited: Bailey and Ice Cave.

You collected 838 gold pieces.

Inventory:

Hand Weapons
 a - a +3 war axe
 b - a +0 blowgun
 J - a +0 war axe of flaming (weapon)
Missiles
 F - 8 curare-tipped needles
Armour
 c - a +0 shield (worn)
 q - the +0 cloak of Xostrul (worn) {rC+}
   (You found it in a bailey)

   It protects you from cold.
 s - a +0 hat (worn)
 z - the +1 chain mail of Lies (worn) {rElec MR+ Str-2}
   (You found it in a bailey)

   It affects your strength (-2).
   It insulates you from electricity.
   It affects your resistance to hostile enchantments.
 A - a +0 pair of gloves (worn)
Jewellery
 e - a +3 ring of intelligence (left hand)
 r - a cursed amulet of inaccuracy {unknown}
 C - an uncursed amulet of the gourmand
 E - an amulet of faith (around neck)
 R - a ring of protection from magic (right hand)
Wands
 l - a wand of flame (31/48)
 B - a wand of acid (13/15)
 D - a wand of clouds (4/9)
 O - a wand of paralysis (12/24)
 P - a wand of flame (22/48)
 T - a wand of random effects (19/48)
Scrolls
 d - 4 scrolls of teleportation
 k - 2 scrolls of recharging
 m - a scroll of magic mapping
 n - 11 scrolls of remove curse
 w - 3 scrolls of amnesia
 y - a scroll of summoning
 G - 6 scrolls of identify
 L - a scroll of fear
 N - a scroll of fog
 U - a scroll of blinking
Potions
 g - a potion of haste
 h - 2 potions of might
 i - 2 potions of brilliance
 j - a potion of cancellation
 o - 5 potions of heal wounds
 p - a potion of ambrosia
 t - 2 potions of magic
 x - 3 potions of flight {unknown}
 I - 3 potions of curing
 Q - a potion of agility {unknown}
Books
 K - a book of Air

   Spells                             Type                      Level
   a - Shock                          Conjuration/Air              1
   b - Swiftness                      Charms/Air                   2
   c - Static Discharge               Conjuration/Air              3
   d - Airstrike                      Air                          4
   e - Lightning Bolt                 Conjuration/Air              5
Comestibles
 f - 9 bread rations
 u - 7 meat rations
 v - 3 royal jellies
 H - 31 fruits


   Skills:
 + Level 11.1 Fighting
 - Level 16.3 Axes
 + Level 11.9 Armour
 - Level 11.4 Shields


You had 11 spell levels left.
You didn't know any spells.

Dungeon Overview and Level Annotations

Branches:
Dungeon (11/15)            Temple (0/1) D:7            Lair (1/6) D:9
    Orc (0/2) D:11

Altars:
Ashenzari
Dithmenos
Elyvilon
Fedhas
Gozag
Makhleb
Qazlal
Trog
Uskayaw
The Shining One


Innate Abilities, Weirdness & Mutations

You reflexively headbutt those who attack you in melee.
You have a pair of horns on your head.


Message History

* * * LOW HITPOINT WARNING * * *
You block the six-headed hydra's attack.
The six-headed hydra bites you!
* * * LOW HITPOINT WARNING * * *
You block the six-headed hydra's attack.
The six-headed hydra bites you.
* * * LOW HITPOINT WARNING * * *
The six-headed hydra bites you!
* * * LOW HITPOINT WARNING * * *
You slice one of the six-headed hydra's heads off!
The flame cauterises the wound!
You slash the five-headed hydra! You burn the five-headed hydra.
The five-headed hydra is heavily wounded.
The five-headed hydra bites you.
* * * LOW HITPOINT WARNING * * *
The five-headed hydra bites you but does no damage.
You block the five-headed hydra's attack.
The five-headed hydra bites you but does no damage.
The five-headed hydra bites you!
You die...

*##...###.........,,,,,,,,
*.....# #.........,,,,,,,,
*....#####.....###,**,,,**
**....##.##....## ****,,,,,
*,........#....# *,,,,,,
*,.≈≈≈≈≈≈.#...## **,,,,,
*,.≈#≈≈≈≈.....# **,,,,
*,.≈≈≈≈≈≈.#...####*****,,,,
*,.......D@......$,,,,,,,,,
*,................,,,,,,,,,
**,.................,,,,,,,,
*,,.................,,,,,,,,
**,.......$.........,,,,,,,,
*,................,,,,,,,,,
**##.#######P#P###,*****,*,
##* *#### *** ****


You could see a five-headed hydra.

Vanquished Creatures
  Harold (D:10)
  4 two-headed ogres
  Nergalle (D:10)
  An unseen horror (D:10)
  A deep troll (D:11)
  A necromancer (IceCv)
  A cyclops (D:11)
  Joseph (D:9)
  3 ice statues (IceCv)
  2 gargoyles
  8 ice devils (IceCv)
  10 trolls
  A hippogriff (D:9)
  A shadow (D:11)
  14 yaks
  A wyvern (D:11)
  Grum (D:11)
  A hungry ghost (D:8)
  A steam dragon (D:10)
  Duvessa (D:4)
  A black bear (D:6)
  12 ice beasts
  5 orc warriors
  2 sky beasts
  An eye of draining (D:9)
  8 phantoms
  6 ogres
  A necrophage (D:7)
  4 centaurs
  3 wolves (D:11)
  A big kobold (D:11)
  7 bullfrogs
  8 gnoll sergeants (Bailey)
  Dowan (D:4)
  A wyvern skeleton (D:9)
  A scorpion (D:6)
  2 troll zombies (D:11)
  7 killer bees
  8 wights
  3 howler monkeys (D:8)
  5 electric eels (D:11)
  8 crimson imps
  A draconian simulacrum (IceCv)
  5 jellies
  6 orc priests
  6 bullfrog skeletons
  10 hounds
  8 orc wizards
  6 gnoll shamans (Bailey)
  Jessica (D:2)
  4 iguanas
  4 worker ants
  5 troll simulacra (IceCv)
  4 ogre zombies (D:11)
  2 centaur simulacra (IceCv)
  A hound skeleton (D:5)
  A naga simulacrum (IceCv)
  24 gnolls
  7 adders
  An ogre simulacrum (IceCv)
  2 shadow imps
  5 worms
  5 dart slugs
  7 leopard geckos
  45 orcs
  2 ball pythons
  2 giant cockroaches
  15 goblins
  7 hobgoblins
  4 jackals (D:7)
  2 quokkas
  4 bats
  5 frilled lizards
  A goblin skeleton (D:11)
  A hobgoblin skeleton (D:11)
  3 hobgoblin zombies (D:11)
  A jackal zombie (D:5)
  12 kobolds
  3 orc skeletons (D:11)
  11 orc zombies (D:11)
  2 quokka skeletons (D:5)
  9 rats
394 creatures vanquished.

Notes
Turn   | Place    | Note
-------+----------+-------------------------------------------
     0 | D:1      | Kloppie the Minotaur Fighter began the quest for the Orb.
     0 | D:1      | Reached XP level 1. HP: 19/19 MP: 0/0
   175 | D:1      | Reached skill level 3 in Axes
   193 | D:1      | Reached XP level 2. HP: 24/26 MP: 1/1
   540 | D:1      | Reached skill level 4 in Axes
   563 | D:1      | Reached XP level 3. HP: 24/31 MP: 2/2
   766 | D:2      | Found a burning altar of Makhleb.
   766 | D:2      | Noticed Jessica
   772 | D:2      | Killed Jessica
   772 | D:2      | Reached skill level 5 in Axes
   774 | D:2      | Reached XP level 4. HP: 33/39 MP: 3/3
  1298 | D:2      | Became a worshipper of Makhleb the Destroyer
  1360 | D:3      | Reached skill level 6 in Axes
  1649 | D:3      | Reached XP level 5. HP: 46/46 MP: 4/4
  2379 | D:4      | Reached skill level 5 in Fighting
  2390 | D:4      | Noticed Duvessa
  2391 | D:4      | Noticed Dowan
  2405 | D:4      | Killed Duvessa
  2405 | D:4      | Reached * piety under Makhleb
  2405 | D:4      | Reached XP level 6. HP: 28/57 MP: 5/5
  2414 | D:4      | Killed Dowan
  2936 | D:4      | Reached XP level 7. HP: 57/64 MP: 6/6
  3309 | D:5      | Entered Level 5 of the Dungeon
  3338 | D:5      | Reached skill level 7 in Axes
  3338 | D:5      | Reached skill level 5 in Armour
  3470 | D:5      | Found an opulent altar of Gozag.
  3560 | D:5      | Found a shadowy altar of Dithmenos.
  3859 | D:5      | Reached skill level 8 in Axes
  3959 | D:5      | Reached XP level 8. HP: 71/71 MP: 7/7
  4167 | D:5      | Reached ** piety under Makhleb
  4693 | D:6      | Found a stormy altar of Qazlal.
  4732 | D:6      | Found a blossoming altar of Fedhas.
  5010 | D:6      | Reached skill level 9 in Axes
  5237 | D:6      | Reached skill level 10 in Axes
  5270 | D:6      | Reached XP level 9. HP: 81/81 MP: 8/8
  5279 | D:6      | Reached *** piety under Makhleb
  5387 | D:7      | Found a flagged portal.
  5409 | Bailey   | Entered a bailey
  5774 | Bailey   | Reached skill level 11 in Axes
  6013 | Bailey   | Got a crude cloak
  6015 | Bailey   | Got a slimy chain mail
  6021 | Bailey   | Identified the +0 cloak of Xostrul {rC+} (You found it in a bailey)
  6031 | Bailey   | Identified the +1 chain mail of Lies {rElec MR+ Str-2} (You found it in a bailey)
  6220 | D:7      | Found a staircase to the Ecumenical Temple.
  6481 | D:7      | Reached skill level 5 in Shields
  6486 | D:7      | Reached **** piety under Makhleb
  7383 | D:8      | Noticed a two-headed ogre
  7401 | D:8      | Killed a two-headed ogre
  7401 | D:8      | Reached skill level 12 in Axes
  7401 | D:8      | Reached XP level 10. HP: 92/92 MP: 9/9
  7478 | D:8      | Noticed a two-headed ogre
  7488 | D:8      | Killed a two-headed ogre
  7692 | D:8      | Noticed a two-headed ogre
  7696 | D:8      | Killed a two-headed ogre
  7696 | D:8      | Reached skill level 13 in Axes
  8084 | D:8      | Reached ***** piety under Makhleb
  8361 | D:9      | Reached XP level 11. HP: 96/99 MP: 10/10
  8364 | D:9      | Found a glowing golden altar of the Shining One.
  8390 | D:9      | Reached skill level 10 in Shields
  8419 | D:9      | Noticed a two-headed ogre
  8427 | D:9      | Killed a two-headed ogre
  8427 | D:9      | Reached skill level 14 in Axes
  8516 | D:9      | Found a white marble altar of Elyvilon.
  8519 | D:9      | Found a hide-covered altar of Uskayaw.
  8522 | D:9      | Found a bloodstained altar of Trog.
  8525 | D:9      | Found a shattered altar of Ashenzari.
  8591 | D:9      | Noticed Joseph
  8598 | D:9      | Killed Joseph
  8631 | D:9      | Found a staircase to the Lair.
  8856 | D:10     | Entered Level 10 of the Dungeon
  9081 | D:10     | Noticed Nergalle
  9103 | D:10     | Killed Nergalle
  9150 | D:10     | Noticed Erolcha
  9173 | D:10     | Noticed Harold
  9187 | D:10     | Killed Harold
  9842 | D:11     | Reached skill level 15 in Axes
  9932 | D:10     | Killed an unseen horror
 10295 | D:11     | Found a staircase to the Orcish Mines.
 10298 | D:11     | Reached ****** piety under Makhleb
 10433 | D:11     | Noticed Grum
 10460 | D:11     | Killed Grum
 10460 | D:11     | Reached XP level 12. HP: 58/106 MP: 11/11
 10841 | D:11     | Reached skill level 16 in Axes
 10844 | D:11     | Reached skill level 10 in Armour
 11194 | Lair:1   | Entered Level 1 of the Lair of Beasts
 11210 | Lair:1   | Found a frozen archway.
 11231 | Lair:1   | Reached skill level 10 in Fighting
 11241 | IceCv    | Entered an ice cave
 12162 | Lair:1   | Noticed an eight-headed hydra
 12171 | Lair:1   | Slain by a five-headed hydra

Skill      XL: |  1  2  3  4  5  6  7  8  9 10 11 12 |
---------------+-------------------------------------+-----
Axes           | 3 4 5 6 8 10 12 13 15 16 | 16.3
Fighting       | 6 8 9 11 | 11.1
Armour         | 4 6 7 9 11 | 11.9
Shields        | 6 9 11 | 11.4

Action                   |  1- 3 |  4- 6 |  7- 9 | 10-12 || total
-------------------------+-------+-------+-------+-------++-------
Melee: War axe           |    31 |   144 |   452 |   652 ||  1279
       Headbutt          |     2 |    18 |    79 |   147 ||   246
 Fire: Blowgun           |       |       |     2 |       ||     2
  Use: Scroll            |       |     6 |    18 |     3 ||    27
       Potion            |       |     1 |     5 |       ||     6
 Stab: Invisible         |       |       |     7 |       ||     7
  Eat: Chunk             |       |     7 |    22 |    10 ||    39
       Meat ration       |       |       |       |     1 ||     1
Armor: Scale mail        |    12 |       |       |       ||    12
       Plate armour      |       |    85 |   219 |       ||   304
       Chain mail        |       |       |    58 |   213 ||   271
Dodge: Dodged            |    15 |    44 |   173 |   139 ||   371
Block: Shield            |       |       |       |   276 ||   276
